 Dungeon Crawl Stone Soup version 0.27-a0-686-gaed091b46b (webtiles) character file.

Game seed: 7424837462678930334

172 dolemite99 the Cudgeller (level 5, -4/45 HPs)
             Began as a Minotaur Fighter on Mar 21, 2021.
             Was a Follower of Fedhas.
             Slain by an iguana (8 damage)
             ... on level 3 of the Dungeon.
             The game lasted 00:02:20 (3947 turns).

dolemite99 the Cudgeller (Minotaur Fighter)         Turns: 3947, Time: 00:02:21

Health: -4/45      AC: 10    Str: 21    XL:     5   Next: 27%
Magic:  4/4        EV:  7    Int:  5    God:    Fedhas [*.....]
Gold:   77         SH:  9    Dex: 10    Spells: 4/4 levels left

rFire    . . .     SeeInvis .   a - +0 flail
rCold    . . .     Faith    .   c - +0 kite shield
rNeg     . . .     Spirit   .   b - +0 scale mail
rPois    .         Reflect  .   (helmet restricted)
rElec    .         Harm     .   (no cloak)
rCorr    .         Rampage  .   (no gloves)
Will     .....                  (no boots)
Stlth    ..........             (no amulet)
HPRegen  0.15/turn              m - +4 ring of protection
MPRegen  0.09/turn              (no ring)

@: no status effects
A: horns 2, retaliatory headbutt
a: Renounce Religion


You were on level 3 of the Dungeon.
You worshipped Fedhas.
Fedhas was aware of your devotion.
You visited 1 branch of the dungeon, and saw 4 of its levels.

You collected 77 gold pieces.

Inventory:

Hand Weapons
 a - a +0 flail (weapon)
Missiles
 o - 67 arrows
Armour
 b - a +0 scale mail (worn)
 c - a +0 kite shield (worn)
Jewellery
 f - a ring of fire
 l - an amulet of the acrobat
 m - a +4 ring of protection (right hand)
Wands
 q - a wand of random effects (10)
Scrolls
 e - 6 scrolls of teleportation {unknown}
 g - 2 scrolls of fear {unknown}
 h - a scroll of torment {unknown}
 i - 2 scrolls of identify {unknown}
 j - a scroll of fog {unknown}
 n - a scroll of magic mapping {unknown}
Potions
 d - 3 potions of might
 k - a potion of heal wounds {unknown}
 p - a potion of brilliance {unknown}


   Skills:
 - Level 3.6 Fighting
 + Level 6.7 Maces & Flails
 - Level 3.6 Armour
 - Level 3.6 Shields


You had 4 spell levels left.
You didn't know any spells.
Your spell library was empty.

Dungeon Overview and Level Annotations

Branches:
Dungeon (4/15)
 Temple: D:4-7

Altars:
Fedhas
Vehumet


Innate Abilities, Weirdness & Mutations

You have a pair of horns on your head.
You reflexively headbutt those who attack you in melee.


Message History

Deactivating autopickup; reactivate with Ctrl-A.
There are monsters nearby!
You sock the orc wizard!
You kill the orc wizard!
Fedhas appreciates your contribution to the ecosystem.
The orc priest closely misses you.
You sock the orc priest!
The orc priest is severely wounded.
The orc priest calls down the wrath of Beogh upon you.
Beogh smites you!
An orc comes into view. It is wielding a +0 hand axe.
You hit the orc priest.
The orc priest is almost dead.
The orc priest mumbles some strange prayers to Beogh against you.
Beogh smites you! The iguana closely misses you.
The orc priest hits you from afar with a +0 trident.
The orc hits you with a +0 dagger. You block the iguana's attack.
You climb upwards.
Reactivating autopickup.
There is a stone staircase leading down here.
Deactivating autopickup; reactivate with Ctrl-A.
Your shield and scale mail prevent you from hitting something.
You headbutt something.
You hear some strange, mumbled words.
A magic dart appears from out of thin air!
The magic dart hits you. The orc closely misses you. The iguana bites you.
You miss something. Something hits you. The orc barely misses you.
The iguana bites you but does no damage.
You hit something but do no damage.
You hear some strange, mumbled words.
A magic dart appears from out of thin air!
The magic dart hits you.
* * * LOW HITPOINT WARNING * * *
The orc hits you with a +0 dagger.
* * * LOW HITPOINT WARNING * * *
The iguana barely misses you. Something hits you.
* * * LOW HITPOINT WARNING * * *
The orc hits you but does no damage. The iguana bites you!
You die...
Fedhas appreciates your contribution to the ecosystem.

########## ...>.....#
########.#############
##.#...........#
#######....#########.#
..........#....lo# #.#
.....#.....#####@# #.#
..#....#.#.....#{# #.#
.....#.###.###.#.# #.#
#...##.....# #.#.# #.#
##.#####.### #.#.# #.#
...).....# #.#.# #.#
.<.####### #.#.# #.#
#### ##.#.# #.#
######## #..#.# #.##


You could see an iguana and an orc.

Vanquished Creatures
  Jessica (D:3)
  An orc wizard (D:4)
  3 adders
  A white imp (D:3)
  An ooze (D:3)
  4 worms
  3 leopard geckos
  4 orcs (D:3)
  2 ball pythons (D:2)
  3 giant cockroaches
  15 hobgoblins
  6 jackals
  A quokka (D:2)
  6 bats
  4 frilled lizards
  4 goblins
  3 kobolds
  2 rats (D:3)
64 creatures vanquished.

Vanquished Creatures (others)
  A plant (D:3)
1 creature vanquished.

Grand Total: 65 creatures vanquished

Notes
Turn   | Place    | Note
-------+----------+-------------------------------------------
     0 | D:1      | dolemite99 the Minotaur Fighter began the quest for the
                  | Orb.
     0 | D:1      | Reached XP level 1. HP: 19/19 MP: 0/0
   449 | D:1      | Reached skill level 3 in Maces & Flails
   820 | D:1      | Reached XP level 2. HP: 26/26 MP: 1/1
  1201 | D:2      | Reached skill level 4 in Maces & Flails
  1644 | D:2      | Reached XP level 3. HP: 31/31 MP: 2/2
  2097 | D:2      | Reached skill level 5 in Maces & Flails
  2589 | D:3      | Reached XP level 4. HP: 39/39 MP: 3/3
  2718 | D:3      | Found a radiant altar of Vehumet.
  3032 | D:3      | Found a blossoming altar of Fedhas.
  3040 | D:3      | Became a worshipper of Fedhas Madash
  3253 | D:3      | Reached skill level 6 in Maces & Flails
  3374 | D:3      | Noticed Jessica
  3380 | D:3      | Killed Jessica
  3381 | D:3      | Reached XP level 5. HP: 34/45 MP: 4/4
  3889 | D:3      | Reached * piety under Fedhas
  3947 | D:3      | Slain by an iguana

Illustrated notes

Levels and vault maps discovered:
D:1:      ncdulo_wetmaze, layout_loops_ring
D:2:      layout_loops_ring
D:3:      layout_loops_ring, general_overflow_altar, grunt_ministairs_9,
          fedhas_altar_1, uniq_jessica
D:4:      layout_cave_pools, trog_wizard

Skill      XL: |  1  2  3  4 |
---------------+-------------+-----
Maces & Flails | 3 4 5 6 |  6.7
Fighting       | |  3.6
Armour         | |  3.6
Shields        | |  3.6

Action                   |  1- 3 |  4- 6 || total
-------------------------+-------+-------++-------
Melee: Flail             |    96 |    81 ||   177
       Headbutt          |    11 |    12 ||    23
Armor: Scale mail        |    58 |    39 ||    97
Dodge: Dodged            |    37 |    22 ||    59
Block: Kite shield       |    55 |    40 ||    95

Table legend: (Time is in decaauts)
 A = Elapsed time spent in this place.
 B = Non-inter-level travel time spent in this place.
 C = Inter-level travel time spent in this place.
 D = Time resting spent in this place.
 E = Time spent auto-exploring this place.
 F = Levels seen in this place.
 G = Mean time per level.
                   A        B        C        D        E       F      G
               +--------+--------+--------+--------+--------+-----+--------+
         Total |   4025 |   3910 |    115 |   1697 |   1683 |   4 | 1006.2 |
       Dungeon |   4025 |   3910 |    115 |   1697 |   1683 |   4 | 1006.2 |
               +--------+--------+--------+--------+--------+-----+--------+

Top non-repeatable levels by time:
     D:2: 1506 daAuts
     D:3: 1482 daAuts
     D:1: 1029 daAuts
     D:4: 7 daAuts
